 Dungeon Crawl Stone Soup version 0.30-b1-2-g02819fbbbe (webtiles) character file.

Game seed: 2225268252540993136

19 redmage the Digger (level 3, -16/26 HPs)
             Began as a Meteoran Earth Elementalist on Aug 7, 2023.
             Demolished by an ogre
             ... wielding a +0 giant spiked club
              (35 damage)
             ... on level 4 of the Dungeon.
             The game lasted 00:02:32 (214 turns).

redmage the Digger (Meteoran Earth Elementalist)     Turns: 214, Time: 00:02:32

Health: -16/26     AC:  2    Str:  9    XL:     3   Next: 11%
Magic:  1/8        EV: 13    Int: 18    God:
Gold:   0          SH:  0    Dex: 15    Spells: 2/8 levels left

rFire   . . .        (no weapon)
rCold   . . .        (no shield)
rNeg    + . .        a - +0 robe
rPois   .            (no helmet)
rElec   .            (no cloak)
rCorr   .            (no gloves)
SInv    .            (no boots)
Will    .....        (no amulet)
Stlth   +            c - ring of positive energy
HPRegen 0.24/turn    (no ring)
MPRegen 0.11/turn

%: no passive effects
@: glowing
A: sense surroundings 1, otherworldly, glowing, explore regen
a: no special abilities


You were on level 4 of the Dungeon.
You visited 1 branch of the dungeon, and saw 5 of its levels.

Inventory:

Armour
 a - a +0 robe (worn)
Jewellery
 c - a ring of positive energy (left hand)
Wands
 d - a wand of acid (6)
Potions
 b - a potion of magic


   Skills:
 - Level 2.7 Dodging
 - Level 1.6 Stealth
 - Level 3.0 Spellcasting
 * Level 0.2 Conjurations
 - Level 1.7 Transmutations
 + Level 3.9 Earth Magic


You had 2 spell levels left.
You knew the following spells:

 Your Spells              Type           Power      Damage    Failure   Level
a - Sandblast             Erth           32%        2d9       3%          1
b - Passwall              Tmut/Erth      10%        N/A       8%          2
c - Stone Arrow           Conj/Erth      20%        3d8       21%         3

Your spell library contained the following spells:

 Spells                   Type           Power      Damage    Failure   Level
 Petrify                  Tmut/Erth      12%        N/A       45%         4


Dungeon Overview and Level Annotations

Branches:
Dungeon (5/15) Zot: 2777
 Temple: D:4-7

Altars:


Innate Abilities, Weirdness & Mutations

You passively map a small area around you.
You are easily found by Zot.
You glow in the dark.
You regain HP and MP as you explore.


Message History

The orc is almost dead.
An ogre comes into view. It is wielding a +0 giant spiked club.
The orc throws a boomerang.
The boomerang misses you.
Casting: Sandblast (safe; 3% risk of failure)
Confirm with . or Enter, or press ? or * to list all spells.
Aiming: Sandblast (safe; 3% risk of failure)
Press: ? - help, Shift-Dir - straight line, f/p - orc
Aim: an orc, wielding a +0 club and quivering boomerangs (almost dead, 82% to hit)
The blast of sand hits the orc!
You kill the orc!
A goblin comes into view. It is wielding a +0 quarterstaff.
Casting: Sandblast (safe; 3% risk of failure)
Confirm with . or Enter, or press ? or * to list all spells.
Aiming: Sandblast (safe; 3% risk of failure)
Press: ? - help, Shift-Dir - straight line, f - quokka
Aim: a quokka (75% to hit)
The blast of sand hits the quokka.
The quokka is almost dead.
Unknown command.
Casting: Sandblast (safe; 3% risk of failure)
Confirm with . or Enter, or press ? or * to list all spells.
Aiming: Sandblast (safe; 3% risk of failure)
Press: ? - help, Shift-Dir - straight line, f/p - quokka
Aim: a quokka (almost dead, 75% to hit)
The blast of sand misses the quokka.
The blast of sand misses the ogre.
The quokka bites you. The quokka closely misses you.
Unknown command.
Unknown command.
Casting: Sandblast (safe; 3% risk of failure)
Confirm with . or Enter, or press ? or * to list all spells.
The spell is quite dangerous to miscast (21% risk of failure)!
Continue anyway?
Aiming: Stone Arrow (quite dangerous; 21% risk of failure)
Press: ? - help, Shift-Dir - straight line, f - ogre, p - quokka
Aim: an ogre, wielding a +0 giant spiked club (85% to hit)
The stone arrow hits the ogre!!
The ogre is severely wounded.
The quokka bites you.
The ogre hits you with a +0 giant spiked club!!
Ouch! That really hurt!
You die...

* ##...# ,
###......####
##....#*#......
, ##.....*
...#.## #.[#.#
* #....#
##....# , .$.?#
#...#* #.###O.#
....# ,
#.g.gr@#
###.###
#.###..# #
#...# , #...##
###.### ###.###
#...# #...#
#.#.###.###
#.......#
#......##
#.######


You could see an ogre, a quokka, a hobgoblin and a goblin.

Vanquished Creatures
  2 ufetubi
  An orc (D:4)
  3 endoplasms
  A goblin (D:4)
  A frilled lizard (D:1)
8 creatures vanquished.

Notes
Turn   | Place    | Note
-------+----------+-------------------------------------------
     0 | D:1      | redmage the Meteoran Earth Elementalist began the quest for
                  | the Orb.
     0 | D:1      | Reached XP level 1. HP: 14/14 MP: 5/5
    94 | D:5      | Entered Level 5 of the Dungeon
    99 | D:5      | Reached XP level 2. HP: 20/20 MP: 3/6
   104 | D:4      | Learned a level 2 spell: Passwall
   179 | D:4      | Reached XP level 3. HP: 16/26 MP: 1/8
   183 | D:4      | Learned a level 3 spell: Stone Arrow
   210 | D:4      | Noticed an ogre
   214 | D:4      | Demolished by an ogre

Illustrated notes

Levels and vault maps discovered:
D:1:      psy_arrival_statuary, layout_rooms,
          shapermc_ecumenical_altar_notcrosses
D:2:      layout_basic, serial_shops,
          nicolae_shop_temple_entry_statues_fountains, basic_altar,
          uniq_natasha, uniq_robin
D:3:      layout_loops_corners, mainiacjoe_overflow_chevrons,
          okawaru_ov_weapons_minmay, gup_sewer_entry_spiral, serial_shops,
          nicolae_shop_dealshenge
D:4:      layout_loops_ring, kennysheep_mini, minmay_quantized, uniq_duvessa
D:5:      layout_basic, mainiacjoe_overflow_concentric_impassable,
          item_on_display_a

Skill      XL: |  1  2 |
---------------+-------+-----
Spellcasting   | 3 |  3.0
Dodging        | |  2.7
Stealth        | |  1.6
Conjurations   | |  0.2
Transmutations | |  1.7
Earth Magic    | |  3.9

Action                     || total
---------------------------++-------
   Cast: Sandblast         ||    14
         Passwall          ||     1
         Stone Arrow       ||     1
    Use: Scroll            ||     1
 Armour: Robe              ||     5
  Dodge: Dodged            ||     7
